 Dungeon Crawl Stone Soup version 0.31-a0-981-geadf994542 (webtiles) character file.

Game seed: 18194244251854976067

865 Gladio the Insei (level 7, -4/57 HPs)
             Began as a Demigod Shapeshifter on Nov 1, 2023.
             Slain by an ice beast (11 damage)
             ... on level 5 of the Dungeon.
             The game lasted 00:08:54 (4902 turns).

Gladio the Insei (Demigod Shapeshifter)             Turns: 4902, Time: 00:08:55

Health: -4/57      AC:  5    Str: 15    XL:     7   Next: 44%
Magic:  9/9        EV: 13    Int: 12    God:
Gold:   254        SH:  0    Dex: 21    Spells: 6/6 levels left

rFire   . .          .
                       - Unarmed
rCold   . . .        (no shield)
rNeg    . . .        o - +0 ring mail
rPois   .            (helmet currently unavailable)
rElec   .            (cloak currently unavailable)
rCorr   .            (gloves currently unavailable)
SInv    .            (boots currently unavailable)
Will    .....        (no amulet)
Stlth   +            (no ring)
HPRegen 0.29/turn    (no ring)
MPRegen 0.11/turn

%: no passive effects
@: beast-form
A: beast (slay +2), high MP 1, forlorn, divine attributes
a: Begin Untransformation


You were on level 5 of the Dungeon.
You were a hulking beast.
You visited 1 branch of the dungeon, and saw 5 of its levels.

You collected 254 gold pieces.

Inventory:

Missiles
 m - 2 boomerangs
Armour
 a - a +0 animal skin
 o - a +0 ring mail (worn)
 q - a +1 helmet
Jewellery
 u - a ring of magical power
Talismans
 c - a beast talisman
 d - a flux talisman
Wands
 r - a wand of roots (8)
 v - a wand of polymorph (12)
Scrolls
 g - a scroll of immolation {unknown}
 h - a scroll of vulnerability {unknown}
 i - 2 scrolls of fog {unknown}
 j - 5 scrolls of identify {unknown}
 n - a scroll of summoning {unknown}
 t - a scroll of fear {unknown}
 x - a scroll of blinking {unknown}
Potions
 b - a potion of haste {unknown}
 e - 2 potions of brilliance {unknown}
 f - a potion of heal wounds
 k - a potion of invisibility {unknown}
 l - 2 potions of degeneration {unknown}
 s - 2 potions of berserk rage {unknown}
 w - a potion of might {unknown}
 z - a potion of enlightenment {unknown}


   Skills:
 + Level 3.5 Fighting
 + Level 3.8 Dodging
 * Level 5.8 Unarmed Combat
 + Level 4.2 Shapeshifting


You had 6 spell levels left.
You didn't know any spells.
Your spell library contained the following spells:

 Spells                   Type           Power      Damage    Failure   Level
 Blink                    Tloc           0%         N/A       69%         2
 Ignite Poison            Fire/Tmut/Pois 0%         N/A       89%         3
 Manifold Assault         Tloc           0%         N/A       100%        4
 Sticky Flame             Conj/Fire      0%         2d3       100%        4
 Ignition                 Fire           0%         3d3       100%        8


Dungeon Overview and Level Annotations

Branches:
Dungeon (5/15)
 Temple: D:4-7

Shops:
D:4 ?


Innate Abilities, Weirdness & Mutations

You are a hulking beast.
Your limbs bulge with bestial killing power. (Slay +2)
You have an increased reservoir of magic. (+10% MP)
You shall have no god before yourself.
Your divine heritage dramatically boosts your attributes as you level up.


Message History

You hit the ice beast.
The ice beast is heavily wounded.
The ice beast hits you but does no damage.
You barely miss the ice beast.
The ice beast is heavily wounded.
The ice beast hits you. The ice beast freezes you.
You hit the ice beast but do no damage.
The ice beast is heavily wounded.
The ice beast closely misses you.
You completely miss the ice beast.
The ice beast is heavily wounded.
The ice beast hits you. The ice beast freezes you!
You are too injured to fight recklessly!
You are too injured to fight recklessly!
You are too injured to fight recklessly!
You are too injured to fight recklessly!
You are too injured to fight recklessly!
You are too injured to fight recklessly!
You are too injured to fight recklessly!
You are too injured to fight recklessly!
You are too injured to fight recklessly!
You are too injured to fight recklessly!
You are too injured to fight recklessly!
You are too injured to fight recklessly!
You are too injured to fight recklessly!
You are too injured to fight recklessly!
You are too injured to fight recklessly!
You hit the ice beast.
The ice beast is heavily wounded.
The ice beast misses you.
You punch the ice beast!
The ice beast is almost dead.
The ice beast hits you. The ice beast freezes you!
* * * LOW HITPOINT WARNING * * *
You hit the ice beast but do no damage.
The ice beast is severely wounded.
The ice beast hits you.
* * * LOW HITPOINT WARNING * * *
The ice beast freezes you!
You die...

#.........###.##
#####.#........ #
########.#..........
.........#......##.#
.........#......# .#
.........#.....(##.##
.........'..........
##.......#......#Y##
#......)#......h..#
#########.....(...#
#.........#
#...........#
#.........###
#...........
#.............
#.............
#.............


You could see an ice beast.

Vanquished Creatures
  Eustachio (D:4)
  2 ice beasts (D:5)
  A black bear (D:5)
  A jelly (D:5)
  2 hounds (D:4)
  2 orc priests
  A gnoll bouda (D:4)
  Terence (D:3)
  An iguana (D:4)
  2 orc wizards (D:4)
  Robin (D:3)
  4 gnolls (D:4)
  3 adders
  A white imp (D:5)
  A worm (D:2)
  A dart slug (D:2)
  4 orcs
  7 ball pythons
  2 endoplasms
  A giant cockroach (D:3)
  11 goblins
  13 hobgoblins
  2 quokkas
  6 bats
  3 frilled lizards
  9 kobolds
  5 rats
88 creatures vanquished.

Vanquished Creatures (others)
  A goblin (D:3)
1 creature vanquished.

Grand Total: 89 creatures vanquished

Notes
Turn   | Place    | Note
-------+----------+-------------------------------------------
     0 | D:1      | Gladio the Demigod Shapeshifter began the quest for the
                  | Orb.
     0 | D:1      | Reached XP level 1. HP: 15/15 MP: 3/3
     0 | D:1      | Noticed a spriggan
     0 | D:1      | Noticed a naga
     1 | D:1      | Noticed a vine stalker
     1 | D:1      | Noticed a vine stalker
     3 | D:1      | Noticed a troll
     6 | D:1      | Noticed a ghoul
     7 | D:1      | Noticed a demonspawn
     9 | D:1      | Noticed a demigod
    11 | D:1      | Noticed a human
    13 | D:1      | Noticed a formicid
    15 | D:1      | Noticed a tengu
    15 | D:1      | Noticed an octopode
    17 | D:1      | Noticed a vine stalker
    17 | D:1      | Noticed a demigod
    17 | D:1      | Noticed a draconian
    19 | D:1      | Noticed a barachi
    19 | D:1      | Noticed a gargoyle
    21 | D:1      | Noticed a dwarf
   103 | D:1      | Reached skill level 1 in Fighting
   219 | D:1      | Reached skill level 3 in Unarmed Combat
   400 | D:1      | Reached XP level 2. HP: 23/23 MP: 4/4
  1261 | D:2      | Reached XP level 3. HP: 25/28 MP: 5/5
  1860 | D:2      | Reached XP level 4. HP: 6/36 MP: 6/6
  2138 | D:3      | Noticed Robin
  2165 | D:3      | Killed Robin
  2489 | D:3      | Saw a vision of the Swamp and the Snake Pit.
  2489 | D:3      | Noticed a bloated husk
  2489 | D:3      | Noticed a tyrant leech
  2489 | D:3      | Noticed a shambling mangrove
  2489 | D:3      | Noticed a naga mage
  2489 | D:3      | Noticed a mana viper
  2489 | D:3      | Noticed a naga
  2491 | D:3      | Noticed a bog body
  2731 | D:3      | Noticed Terence
  2757 | D:3      | Killed Terence
  2758 | D:3      | Reached skill level 4 in Unarmed Combat
  3265 | D:5      | Entered Level 5 of the Dungeon
  3265 | D:5      | Noticed an ice beast
  3272 | D:4      | HP: 1/36 [poisoned by an adder]
  3280 | D:4      | Reached XP level 5. HP: 25/41 MP: 7/7
  3593 | D:4      | Reached XP level 6. HP: 39/50 MP: 8/8
  3740 | D:4      | Noticed Eustachio
  3921 | D:4      | Killed Eustachio
  3922 | D:4      | Reached skill level 5 in Unarmed Combat
  4264 | D:4      | Found Keshre's Magic Scroll Boutique.
  4691 | D:5      | Reached XP level 7. HP: 36/57 MP: 9/9
  4902 | D:5      | Slain by an ice beast

Illustrated notes

Levels and vault maps discovered:
D:1:      shiori_arrival_whats_in_store_for_you, layout_loops_corners,
          basic_ecumenical_altar, minmay_pentomino_q2
D:2:      cheibrodos_pilgrimage, layout_loops_corners, kennysheep_generic_room_3
D:3:      layout_basic, grunt_ashenzari_visionary
          [grunt_ashenzari_visionary_swamp, grunt_ashenzari_visionary_snake],
          mainiacjoe_overflow_24_doors, uniq_robin, uniq_terence
D:4:      layout_loops_cross, lemuel_round_altar, nicolae_take_the_stairs,
          uniq_eustachio
D:5:      layout_basic, minmay_temple_entry_trees, uniq_blork_the_orc

Skill      XL: |  1  2  3  4  5  6 |
---------------+-------------------+-----
Fighting       | 1 2 3 |  3.5
Unarmed Combat | 3 4 5 |  5.8
Dodging        | 2 3 |  3.8
Shapeshifting  | 3 4 |  4.2

Action                     |  1- 3 |  4- 6 |  7- 9 || total
---------------------------+-------+-------+-------++-------
  Melee: Unarmed           |   115 |   186 |    32 ||   333
         Punch             |     3 |     7 |     1 ||    11
  Throw: Boomerang         |     1 |       |       ||     1
  Evoke: Wand              |       |    34 |     2 ||    36
    Use: Potion            |     1 |     1 |       ||     2
   Stab: Sleeping          |     3 |       |       ||     3
 Armour: Animal skin       |    47 |     2 |       ||    49
         Skin              |     5 |     1 |       ||     6
         Ring mail         |       |   137 |    27 ||   164
  Dodge: Dodged            |    75 |   156 |    24 ||   255

Table legend: (Time is in decaauts)
 A = Elapsed time spent in this place.
 B = Non-inter-level travel time spent in this place.
 C = Inter-level travel time spent in this place.
 D = Time resting spent in this place.
 E = Time spent auto-exploring this place.
 F = Levels seen in this place.
 G = Mean time per level.
                   A        B        C        D        E       F      G
               +--------+--------+--------+--------+--------+-----+--------+
         Total |   4873 |   4724 |    149 |      0 |   4001 |   5 |  974.6 |
       Dungeon |   4873 |   4724 |    149 |      0 |   4001 |   5 |  974.6 |
               +--------+--------+--------+--------+--------+-----+--------+

Top non-repeatable levels by time:
     D:4: 1338 daAuts
     D:2: 1151 daAuts
     D:3: 1084 daAuts
     D:1: 962 daAuts
     D:5: 335 daAuts
